 Dungeon Sprint DCSS version 0.27.1-33-g824d729ab1 (webtiles) character file.

Game seed: 6294137714499907617

1823 Adenis the Carver (level 8, 0/127 HPs)
             Began as a Minotaur Berserker on Dec 4, 2021.
             Was a Priest of Trog.
             Slain by a centaur warrior (5 damage)
             ... in the Dungeon (Sprint I: "Red Sonja").
             The game lasted 00:03:11 (1787 turns).

Adenis the Carver (Minotaur Berserker)              Turns: 1787, Time: 00:03:12

Health: 0/127      AC:  5    Str: 25    XL:     8   Next: 85%
Magic:  7/7        EV: 14    Int:  4    God:    Trog [***...]
Gold:   417        SH:  0    Dex:  9    Spells: 7/7 levels left

rFire    . . .     SeeInvis .   j - +2 scythe (venom)
rCold    . . .     Faith    .   (shield currently unavailable)
rNeg     . . .     Spirit   .   m - +0 troll leather armour
rPois    .         Reflect  .   (helmet restricted)
rElec    .         Harm     .   (no cloak)
rCorr    .         Rampage  .   (no gloves)
Will     .....     NoTele   +   (no boots)
Stlth    ..........             (no amulet)
HPRegen  1.31/turn              (no ring)
MPRegen  0.10/turn              (no ring)

@: berserking, slow
A: horns 2, retaliatory headbutt
a: Renounce Religion, Berserk, Trog's Hand


You were in the Dungeon.
You worshipped Trog.
Trog was most pleased with you.
You visited 1 branch You collected 417 gold pieces.

Inventory:

Hand Weapons
 a - a +0 falchion
 j - a +2 scythe of venom (weapon)
Armour
 b - a +0 animal skin
 m - a +0 troll leather armour (worn)
 o - a +0 helmet
Scrolls
 h - a scroll of blinking
 k - a scroll of fog {unknown}
 l - a scroll of identify {unknown}
 n - a scroll of holy word {unknown}
Potions
 c - a potion of curing
 d - a potion of heal wounds
 e - a potion of haste
 f - 2 potions of magic
 g - a potion of berserk rage
 i - a potion of might {unknown}


   Skills:
 + Level 12.7 Fighting
 + Level 14.3 Long Blades
 + Level 7.0 Polearms
 + Level 7.3 Armour
 + Level 8.2 Dodging
 + Level 3.5 Stealth


You had 7 spell levels left.
You didn't know any spells.
Your spell library was empty.

Dungeon Overview and Level Annotations

Branches:
Dungeon (1/1)

Altars:
Cheibriados
Dithmenos
Elyvilon
Fedhas
Gozag
Hepliaklqana
Kikubaaqudgha
Makhleb
Nemelex Xobeh
Okawaru
Qazlal
Ru
Sif Muna
Trog
Uskayaw
Vehumet
Wu Jian
Xom
Yredelemnul
Zin
The Shining One
Jiyva
Lugonu

Shops:
D ([


Innate Abilities, Weirdness & Mutations

You have a pair of horns on your head.
You reflexively headbutt those who attack you in melee.


Message History

Your unstable footing causes you to fumble your attack.
The centaur warrior hits you!
The centaur warrior kicks you but does no damage.
The centaur warrior hits you!
* * * LOW HITPOINT WARNING * * *
The centaur warrior misses you. The centaur warrior hits you!
* * * LOW HITPOINT WARNING * * *
The centaur warrior kicks you but does no damage.
You are too berserk!
You slice the centaur warrior!!
The centaur warrior looks as sick as possible!
The centaur warrior is severely wounded.
The centaur warrior hits you.
* * * LOW HITPOINT WARNING * * *
The centaur warrior kicks you.
* * * LOW HITPOINT WARNING * * *
The centaur warrior closely misses you. You furiously retaliate!
You headbutt the centaur warrior!!
You kill the centaur warrior!
Trog accepts your kill. The centaur warrior hits you.
* * * LOW HITPOINT WARNING * * *
The centaur warrior misses you.
Your Fighting skill increases to level 12!
Your Long Blades skill increases to level 14!
Your Polearms skill gained 2 levels and is now at level 7!
Your Armour skill increases to level 7!
Your Dodging skill increases to level 8!
Your Stealth skill increases to level 3!
Your unstable footing causes you to fumble your attack.
The centaur warrior hits you!
* * * LOW HITPOINT WARNING * * *
The centaur warrior kicks you.
* * * LOW HITPOINT WARNING * * *
The centaur warrior hits you but does no damage.
The centaur warrior closely misses you.
You barely miss the centaur warrior. You headbutt the centaur warrior!
The centaur warrior is lightly wounded.
The centaur warrior hits you.
You die...

#################
.#..)..#..'..#__#
.').#..'[.#..'..+
.#####'#####'#__####
.####..#...#)####(§#
.#__####..##.#§≈§§§#
.#_____##'#_.§§§§c§+
⌠#_.∩...'..._#§§@§§#
##_..__##_.#'##§####
#_____###+#)#.(.)###
####### ####÷###.##
+.....'.∩#
##########


You could see a centaur warrior.

Vanquished Creatures
  A centaur warrior (D)
  A deep troll (D)
  A slime creature (D)
  Sigmund (D)
  A yak (D)
  An ogre (D)
  A jelly (D)
  Ijyb (D)
8 creatures vanquished.

Vanquished Creatures (others)
  A gargoyle (D)
1 creature vanquished.

Grand Total: 9 creatures vanquished

Notes
Turn   | Place    | Note
-------+----------+-------------------------------------------
     0 | D        | Adenis the Minotaur Berserker began the quest for the Orb.
     0 | D        | Reached XP level 1. HP: 19/19 MP: 0/0
     4 | D        | Noticed Ijyb
    15 | D        | Killed Ijyb
    16 | D        | Reached skill level 5 in Fighting
    16 | D        | Reached skill level 5 in Long Blades
    16 | D        | Reached XP level 2. HP: 7/29 MP: 1/1
   372 | D        | Noticed an ogre
   376 | D        | Killed an ogre
   377 | D        | Reached skill level 8 in Long Blades
   377 | D        | Reached XP level 3. HP: 26/39 MP: 2/2
   377 | D        | Reached XP level 4. HP: 32/47 MP: 3/3
   647 | D        | Noticed Sigmund
   651 | D        | Killed Sigmund
   651 | D        | Reached ** piety under Trog
   652 | D        | Reached skill level 10 in Long Blades
   652 | D        | Reached skill level 5 in Armour
   652 | D        | Reached skill level 5 in Dodging
   652 | D        | Reached skill level 1 in Stealth
   652 | D        | Reached XP level 5. HP: 57/57 MP: 4/4
   652 | D        | Reached XP level 6. HP: 63/63 MP: 5/5
   895 | D        | Found an ornate altar of the Wu Jian Council.
   895 | D        | Found a shimmering blue altar of Sif Muna.
   897 | D        | Found a radiant altar of Vehumet.
   996 | D        | Killed a gargoyle
  1058 | D        | Found Akuwkese's Weapon Emporium.
  1058 | D        | Found an ancient bone altar of Kikubaaqudgha.
  1058 | D        | Found a hazy altar of Hepliaklqana.
  1058 | D        | Found a stormy altar of Qazlal.
  1058 | D        | Found a hide-covered altar of Uskayaw.
  1058 | D        | Found a blossoming altar of Fedhas.
  1058 | D        | Found a bloodstained altar of Trog.
  1058 | D        | Found an iron altar of Okawaru.
  1058 | D        | Found a basalt altar of Yredelemnul.
  1058 | D        | Found a glowing golden altar of the Shining One.
  1058 | D        | Found a snail-covered altar of Cheibriados.
  1058 | D        | Found a sacrificial altar of Ru.
  1058 | D        | Found a glowing silver altar of Zin.
  1058 | D        | Found a shadowy altar of Dithmenos.
  1058 | D        | Found a white marble altar of Elyvilon.
  1058 | D        | Noticed a yak
  1064 | D        | Killed a yak
  1065 | D        | Reached skill level 10 in Fighting
  1065 | D        | Reached skill level 11 in Long Blades
  1065 | D        | Found an opulent altar of Gozag.
  1066 | D        | Found a sparkling altar of Nemelex Xobeh.
  1214 | D        | Found a burning altar of Makhleb.
  1214 | D        | Found a viscous altar of Jiyva.
  1214 | D        | Found a shimmering altar of Xom.
  1214 | D        | Found a corrupted altar of Lugonu.
  1214 | D        | Noticed a slime creature
  1221 | D        | Killed a slime creature
  1221 | D        | Reached *** piety under Trog
  1222 | D        | Reached skill level 12 in Long Blades
  1222 | D        | Reached XP level 7. HP: 60/73 MP: 6/6
  1476 | D        | Noticed a centaur warrior
  1478 | D        | Noticed a centaur warrior
  1491 | D        | Noticed a deep troll
  1495 | D        | Killed a deep troll
  1496 | D        | Reached skill level 13 in Long Blades
  1496 | D        | Reached skill level 5 in Polearms
  1496 | D        | Reached XP level 8. HP: 66/83 MP: 7/7
  1761 | D        | Found Ydisor's Armour Emporium.
  1785 | D        | Killed a centaur warrior
  1786 | D        | Reached skill level 14 in Long Blades
  1786 | D        | HP: 5/127 [centaur warrior (10)]
  1787 | D        | Slain by a centaur warrior

Illustrated notes

Levels and vault maps discovered:
D:        dungeon_sprint_1 [red_sonja_temple_1, red_sonja_temple_small_1]

Skill      XL: |  1  2  3  4  5  6  7  8 |
---------------+-------------------------+-----
Fighting       | 5 7 9 10 11 12 | 12.7
Long Blades    | 5 8 10 12 13 14 | 14.3
Armour         | 3 4 5 6 7 |  7.3
Dodging        | 3 5 6 7 8 |  8.2
Stealth        | 1 2 3 |  3.5
Polearms       | 3 5 7 |  7.0

Action                   |  1- 3 |  4- 6 |  7- 9 || total
-------------------------+-------+-------+-------++-------
Melee: Falchion          |    12 |     2 |       ||    14
       Headbutt          |     1 |     2 |     2 ||     5
       Scythe            |       |    12 |     9 ||    21
Invok: Berserk           |     2 |     4 |     2 ||     8
Armor: Animal skin       |       |     1 |     1 ||     2
       Troll leather arm |       |       |     9 ||     9
Dodge: Dodged            |     3 |     4 |    16 ||    23
       Rpst.: Falchion   |       |     1 |       ||     1
